 Dungeon Crawl Stone Soup version 0.29.1-12-g30fa7ad0bf (webtiles) character file.

Game seed: 3227967582953276269

1556 wormed the Destroyer (level 8, -1/52 HPs)
             Began as a Demonspawn Conjurer on Dec 27, 2022.
             Slain by a redback (13 damage)
             ... on level 5 of the Dungeon.
             The game lasted 00:14:59 (5593 turns).

wormed the Destroyer (Demonspawn Conjurer)          Turns: 5593, Time: 00:14:59

Health: -1/52      AC:  4    Str:  8    XL:     8   Next: 58%
Magic:  0/16       EV: 12    Int: 23    God:
Gold:   345        SH:  0    Dex: 12    Spells: 7/18 levels left

rFire   + . .      SeeInvis +   i - staff of fire
rCold   . . .      Faith    .   (no shield)
rNeg    . . .      Spirit   +   a - +0 robe
rPois   .          Reflect  .   B - +0 helmet
rElec   .          Harm     .   (no cloak)
rCorr   .          Rampage  .   v - +0 pair of gloves
Will    .....                   (no boots)
Stlth   ++........              d - amulet of regeneration
HPRegen 0.97/turn               m - ring of see invisible
MPRegen 0.30/turn               C - ring of wizardry

@: no status effects
A: magic shield, magic regeneration, big brain 1, demonic touch 2
a: no special abilities


You were on level 5 of the Dungeon.
You visited 1 branch of the dungeon, and saw 5 of its levels.

You collected 345 gold pieces.

Inventory:

Missiles
 D - 3 throwing nets
Armour
 a - a +0 robe (worn)
 v - a +0 pair of gloves (worn)
 B - a +0 helmet (worn)
Magical Staves
 i - a staff of fire (weapon)
Jewellery
 d - an amulet of regeneration (around neck)
 m - a ring of see invisible (left hand)
 s - a ring of protection from fire
 u - a ring of protection from cold
 y - a +6 ring of strength
 A - a ring of flight
 C - a ring of wizardry (right hand)
 E - a ring of wizardry
Wands
 q - a wand of roots (6)
 x - a wand of paralysis (8)
Scrolls
 c - a scroll of torment {unknown}
 e - a scroll of butterflies {unknown}
 f - 4 scrolls of identify {unknown}
 g - 2 scrolls of amnesia {unknown}
 h - 2 scrolls of immolation {unknown}
 l - a scroll of acquirement {unknown}
 o - 5 scrolls of enchant weapon {unknown}
 p - a scroll of blinking {unknown}
Potions
 b - a potion of heal wounds {unknown}
 j - 2 potions of haste {unknown}
 k - 2 potions of degeneration {unknown}
 r - 2 potions of lignification {unknown}
 t - a potion of brilliance {unknown}
 w - a potion of experience {unknown}
 z - a potion of invisibility {unknown}


   Skills:
 - Level 0.2 Fighting
 - Level 2.0 Dodging
 - Level 2.0 Stealth
 + Level 5.5 Spellcasting
 - Level 10.0 Conjurations


You had 7 spell levels left.
You knew the following spells:

 Your Spells              Type           Power      Damage    Failure   Level
a - Magic Dart            Conj           100%       1d8       1%          1
b - Searing Ray           Conj           100%       2d8       1%          2
c - Fulminant Prism       Conj/Hex       14%        3d9       4%          4
d - Iskenderun's Mystic   Conj/Tloc      29%        2d7       4%          4

Your spell library contained the following spells:

 Spells                   Type           Power      Damage    Failure   Level
 Dazzling Flash           Conj/Hex       58%        N/A       1%          3
 Necrotise                Necr           24%        1d5       3%          1
 Vampiric Draining        Necr           6%         2d6       11%         3
 Agony                    Necr           6%         N/A       65%         5


Dungeon Overview and Level Annotations

Branches:
Dungeon (5/15)
 Temple: D:4-7

Altars:
Ashenzari
Nemelex Xobeh
Okawaru
Ru
Uskayaw

Shops:
D:2 (

Annotations:
D:5 2 runed translucent doors, 2 transporters, mortz's ghost, novice DgCj


Innate Abilities, Weirdness & Mutations

When hurt, damage is shared between your health and your magic reserves.
You regenerate magic rapidly.
You have an unusually large brain. (Int +2)
Your touch may inflict irresistible damage on your foes.


Message History

Confirm with . or Enter, or press ? or * to list all spells.
Aiming: Searing Ray (safe; 1% risk of failure)
Press: ? - help, Shift-Dir - straight line, f - water moccasin
Aim: a water moccasin (almost dead, 72% to hit)
The searing ray misses the water moccasin.
The searing ray hits the water moccasin.
You kill the water moccasin! (Press . to maintain the ray.)
The water moccasin closely misses you. The water moccasin bites you.
* * * LOW HITPOINT WARNING * * *
You are poisoned.
The water moccasin poisons you!
Casting: Searing Ray (safe; 1% risk of failure)
Confirm with . or Enter, or press ? or * to list all spells.
You don't have enough magic to cast this spell.
You feel better. The water moccasin misses you.
Casting: Searing Ray (safe; 1% risk of failure)
Confirm with . or Enter, or press ? or * to list all spells.
Aiming: Magic Dart (safe; 1% risk of failure)
Press: ? - help, Shift-Dir - straight line, f - water moccasin
Aim: a water moccasin (severely wounded, 100% to hit)
The magic dart hits the water moccasin.
The water moccasin is almost dead.
The water moccasin closely misses you.
The water moccasin bites you but does no damage.
The water moccasin attacks as you move away!
The water moccasin closely misses you.
Things that are here:
a +0 leather armour; a +0 club The water moccasin attacks as you move away!
The water moccasin barely misses you. The water moccasin barely misses you.
The redback bites you!
* * * LOW HITPOINT WARNING * * *
The water moccasin misses you.
The water moccasin attacks as you move away!
The water moccasin closely misses you. The redback attacks as you move away!
The redback bites you!
You die...

#...##.y.##..##.##.##.######.#
#).##y....##..#.##.##.##.....#
..##yyyy...##...##.##.##.#####
.##+##yyy##+##........##.#
.#...#####...#.###....##.#
.#....#(#....#.# #.##.##.#
.#...s#[#....#.###....)#.#
.#....'†'....#.S#####..#.##
.##.ss#s#...##ss@.........#
..###s#†#.###..#####....#.#
#...###.###..S## #......#
#.#...†.[sS[S## #...#.##
..####..##...# #...#.# .##
##.####.########.<.#.########
.####...###.##........[#.........
...)........##.####.#.##.########
#####...######.# #.#.##.# #


You could see 2 water moccasins, a redback, 2 scorpions and 2 adders.

Vanquished Creatures
  Pikel (D:5)
  Grinder (D:5)
  A redback (D:5)
  A water moccasin (D:5)
  An ogre (D:5)
  A phantom (D:4)
  A bullfrog (D:4)
  A scorpion (D:5)
  The ghost of kamileon1 the Trooper, a weakling FoAK of Lugonu (D:4)
  2 hounds (D:5)
  An orc priest (D:3)
  Ijyb (D:5)
  A river rat (D:4)
  7 adders
  9 gnolls (D:5)
  2 white imps (D:5)
  3 worms
  2 dart slugs
  9 orcs
  9 ball pythons
  4 endoplasms
  3 giant cockroaches
  9 goblins
  4 hobgoblins
  2 quokkas
  3 bats
  4 frilled lizards
  9 kobolds
  10 rats
103 creatures vanquished.

Vanquished Creatures (others)
  3 fulminant prisms (D:5)
3 creatures vanquished.

Grand Total: 106 creatures vanquished

Notes
Turn   | Place    | Note
-------+----------+-------------------------------------------
     0 | D:1      | wormed the Demonspawn Conjurer began the quest for the Orb.
     0 | D:1      | Reached XP level 1. HP: 13/13 MP: 3/3
   558 | D:1      | Gained mutation: Your touch may inflict minor irresistible
                  | damage on your foes. [demonic ancestry]
   558 | D:1      | Reached XP level 2. HP: 19/19 MP: 1/5
   812 | D:1      | Learned a level 2 spell: Searing Ray
  1464 | D:2      | Gained mutation: You regenerate magic rapidly. [demonic
                  | ancestry]
  1464 | D:2      | Reached XP level 3. HP: 24/24 MP: 4/7
  1765 | D:2      | Found Noesoxza's Antique Weapon Shoppe.
  1851 | D:2      | Found a faded altar of an unknown god.
  2363 | D:3      | Reached XP level 4. HP: 22/30 MP: 0/10
  2805 | D:3      | Found a broken altar of Ashenzari.
  2960 | D:4      | Found a runed translucent door.
  3024 | D:4      | Found a runed translucent door.
  3026 | D:4      | Noticed a bullfrog
  3027 | D:4      | Noticed kamileon1's ghost (weakling FoAK)
  3221 | D:4      | Noticed a phantom
  3227 | D:4      | Killed a phantom
  3228 | D:4      | Reached skill level 5 in Conjurations
  3228 | D:4      | Gained mutation: Your touch may inflict irresistible damage
                  | on your foes. [demonic ancestry]
  3228 | D:4      | Reached XP level 5. HP: 35/35 MP: 3/11
  3547 | D:4      | Learned a level 4 spell: Fulminant Prism
  3552 | D:4      | Learned a level 4 spell: Iskenderun's Mystic Blast
  3641 | D:4      | Found a sacrificial altar of Ru.
  3742 | D:4      | Reached skill level 6 in Conjurations
  3742 | D:4      | Reached XP level 6. HP: 37/41 MP: 7/12
  3757 | D:4      | Killed kamileon1's ghost
  3994 | D:5      | Entered Level 5 of the Dungeon
  4024 | D:5      | Noticed Ijyb
  4112 | D:5      | Noticed a water moccasin
  4112 | D:5      | Noticed a water moccasin
  4112 | D:5      | Noticed a water moccasin
  4196 | D:5      | Killed Ijyb
  4287 | D:5      | Noticed Grinder
  4317 | D:5      | Found a hide-covered altar of Uskayaw.
  4394 | D:5      | Found a runed translucent gate.
  4394 | D:5      | Found a runed translucent gate.
  4395 | D:5      | Noticed a redback
  4397 | D:5      | Noticed a redback
  4398 | D:5      | Found a runed translucent gate.
  4425 | D:5      | Found a runed translucent door.
  4455 | D:5      | Found the +9 staff of Olgreb {rPois∞}
  4481 | D:5      | Noticed a redback
  4482 | D:5      | Found a runed translucent door.
  4552 | D:5      | Reached skill level 7 in Conjurations
  4677 | D:5      | Found a transporter.
  4677 | D:5      | Noticed mortz's ghost (novice DgCj)
  4678 | D:5      | Found a transporter.
  4697 | D:5      | Killed Grinder
  4698 | D:5      | Reached skill level 8 in Conjurations
  4698 | D:5      | Gained mutation: When hurt, damage is shared between your
                  | health and your magic reserves. [demonic ancestry]
  4698 | D:5      | Reached XP level 7. HP: 36/46 MP: 5/13
  4782 | D:5      | Found a sparkling altar of Nemelex Xobeh.
  5321 | D:5      | Noticed Pikel
  5367 | D:5      | Killed Pikel
  5368 | D:5      | Reached skill level 9 in Conjurations
  5368 | D:5      | Gained mutation: You have an unusually large brain. (Int
                  | +2) [demonic ancestry]
  5368 | D:5      | Reached XP level 8. HP: 52/52 MP: 7/14
  5429 | D:5      | Found an iron altar of Okawaru.
  5437 | D:5      | Reached skill level 10 in Conjurations
  5578 | D:5      | HP: 2/52 [poisoned by a redback]
  5579 | D:5      | Reached skill level 5 in Spellcasting
  5593 | D:5      | Slain by a redback

Illustrated notes

Levels and vault maps discovered:
D:1:      lightli_arrival_statue_moat, layout_rooms, minmay_tree_intersection,
          roderic_serpentine_path, minmay_rat_gold_closets
D:2:      layout_loops_ring, hellmonk_ecumenical_altar_slurped_away,
          serial_shops, shop_fountains
D:3:      layout_rooms, nicolae_overflow_crystal_walls
D:4:      layout_rooms, hangedman_ru_absence, ebering_ghost_sewer_f,
          minmay_pentangle
D:5:      layout_loops_ring, okawaru_metal_pillars_3,
          nicolae_overflow_hidden_temple, lemuel_round_altar,
          gammafunk_ghost_smash, minmay_guarded_unrand_staff_of_olgreb,
          uniq_ijyb, uniq_pikel, uniq_grinder

Skill      XL: |  1  2  3  4  5  6  7  8 |
---------------+-------------------------+-----
Dodging        | 2 |  2.0
Stealth        | 2 |  2.0
Spellcasting   | 3 4 5 |  5.5
Conjurations   | 5 6 8 9 10 | 10.0
Fighting       | |  0.2

Action                   |  1- 3 |  4- 6 |  7- 9 || total
-------------------------+-------+-------+-------++-------
Melee: Lajatang          |     7 |       |       ||     7
       Staff             |     4 |    11 |       ||    15
       Punch             |       |     1 |       ||     1
 Cast: Magic Dart        |    35 |     4 |     3 ||    42
       Searing Ray       |    30 |    45 |     9 ||    84
       Fulminant Prism   |       |       |     3 ||     3
Evoke: Wand              |       |       |     1 ||     1
  Use: Potion            |     1 |     4 |     3 ||     8
 Stab: Sleeping          |     1 |       |       ||     1
Armor: Robe              |     8 |     9 |     4 ||    21
Dodge: Dodged            |    22 |    32 |    15 ||    69
